 Dungeon Crawl Stone Soup version 0.31-a0-692-gf03d1854d5 (webtiles) character file.

Game seed: 14235138071088533229

914 qw the Skirmisher (level 8, 0/49 HPs)
             Began as a Gargoyle Hunter on Sept 6, 2023.
             Slain by Pikel
             ... wielding a +0 whip of flaming
              (1 damage)
             ... on level 5 of the Dungeon.
             The game lasted 00:01:27 (3241 turns).

qw the Skirmisher (Gargoyle Hunter)                 Turns: 3241, Time: 00:01:27

Health: 0/49       AC: 19    Str: 16    XL:     8   Next: 9%
Magic:  8/8        EV: 11    Int:  9    God:
Gold:   238        SH:  0    Dex: 15    Spells: 7/7 levels left

rFire   . . .        Y - +1 shortbow
rCold   . . .        (shield currently unavailable)
rNeg    + + .        k - +0 ring mail
rPois   inf          g - +2 helmet
rElec   +            f - +0 cloak
rCorr   .            (no gloves)
SInv    .            (no boots)
Will    .....        (no amulet)
Stlth   +            h - +4 ring of protection
HPRegen 0.28/turn    m - ring of positive energy
MPRegen 0.11/turn

%: no passive effects
@: no status effects
A: sickness immunity, AC +5, negative energy resistance 1, electricity
resistance, torment resistance 1, petrification resistance
a: no special abilities


You were on level 5 of the Dungeon.
You visited 2 branches of the dungeon, and saw 6 of its levels.

You collected 238 gold pieces.


Innate Abilities, Weirdness & Mutations

You are immune to sickness and miasma.
Your stone body is resilient. (AC +5)
You are immune to poison.
You resist negative energy. (rN+)
You are resistant to electric shocks. (rElec)
You are resistant to unholy torment.
You are immune to petrification.


   Skills:
 - Level 5.0 Fighting
 + Level 8.2 Ranged Weapons
 - Level 2.7 Armour
 - Level 2.2 Dodging
 - Level 1.1 Stealth


You had 7 spell levels left.
You didn't know any spells.
Your spell library was empty.

Inventory:

Hand Weapons
 Y - a +1 shortbow (weapon)
Armour
 f - a +0 cloak (worn)
 g - a +2 helmet (worn)
 k - a +0 ring mail (worn)
Jewellery
 h - a +4 ring of protection (left hand)
 m - a ring of positive energy (right hand)
Scrolls
 a - a scroll of identify
 c - a scroll of noise {unknown}
Potions
 b - a potion of resistance {unknown}
 d - a potion of magic {unknown}
 e - a potion of haste
 l - a potion of curing

Dungeon Overview and Level Annotations

Branches:
Dungeon (5/15)             Temple (1/1) D:4

Altars:
Ashenzari
Cheibriados
Elyvilon
Fedhas
Hepliaklqana
Kikubaaqudgha
Makhleb
Nemelex Xobeh
Qazlal
Sif Muna
Vehumet
Wu Jian
Xom
Yredelemnul

Annotations:
D:4 1 runed translucent door, qw's ghost, amateur GrHu
D:5 Pikel


Message History

Pikel hits you but does no damage.
The lemure hits you but does no damage. x2
Pikel misses you. The lemure hits you!
You shoot an arrow. The arrow hits the lemure!
The lemure is heavily wounded.
Pikel hits you but does no damage. The lemure hits you but does no damage.
The lemure barely misses you.
You shoot an arrow. The arrow hits the lemure.
The lemure is heavily wounded.
Pikel hits you with a +0 whip of flaming!
Pikel burns you. The lemure barely misses you.
The lemure hits you but does no damage.
You shoot an arrow. The arrow hits the lemure.
The lemure is severely wounded.
Pikel hits you with a +0 whip of flaming.
Pikel burns you.
The lemure hits you but does no damage. x2
You shoot an arrow. The arrow hits the lemure.
The lemure is severely wounded.
The lemure hits you.
Pikel says, "Antaeus said I was his favorite kobold.
Me!"
Pikel hits you but does no damage. The lemure closely misses you.
You shoot an arrow. The arrow barely misses the lemure.
The arrow barely misses the adder.
The lemure hits you but does no damage. Pikel hits you but does no damage.
The lemure hits you!
You shoot an arrow. The arrow barely misses the lemure.
The arrow hits the adder!
The adder is severely wounded.
Pikel hits you but does no damage. The lemure closely misses you.
The lemure hits you but does no damage.
You shoot an arrow. The arrow hits the lemure.
The lemure is almost dead.
The lemure closely misses you. Pikel barely misses you. The lemure hits you.
You shoot an arrow. The arrow closely misses the lemure.
The arrow hits the adder.
The adder is almost dead.
The lemure hits you but does no damage.
Pikel hits you with a +0 whip of flaming.
Pikel burns you.
You die...
Pikel says, "Another soul for the market."

#........#.....#.....
#........#.....#.....
#........#.....#.....
#........#.....'.....
#........#.....#.....
#####........#.....#.....
.....<..##+###.....#.....
........#5.........#.....
........@5S........#.....
...######K.........#.....
... .5.........#..... ..
.......... #.....
.........$. #.....
K55.#####... #..... ..S..
... #.(... #..... ..
#..... #.....


You could see Pikel, 3 lemures and an adder.

Vanquished Creatures
  An ice beast (D:5)
  A black bear (D:5)
  2 ogres (D:5)
  2 phantoms
  A lemure (D:5)
  2 scorpions
  A howler monkey (D:5)
  2 hounds (D:5)
  2 iguanas (D:5)
  6 adders
  An ufetubus (D:5)
  2 worms
  2 dart slugs
  4 orcs
  4 ball pythons
  8 bats
  9 endoplasms
  3 giant cockroaches
  11 goblins
  5 hobgoblins
  6 jackals (D:3)
  4 kobolds
  3 quokkas
  3 frilled lizards
  5 rats
90 creatures vanquished.

Notes
Turn   | Place    | Note
-------+----------+-------------------------------------------
     0 | D:1      | qw the Gargoyle Hunter began the quest for the Orb.
     0 | D:1      | Reached XP level 1. HP: 12/12 MP: 1/1
     0 | D:1      | 0 ||| qw: Version: 0.3-a-76-g4403597
     0 | D:1      | 0 ||| qw: Game counter: 215
     0 | D:1      | 0 ||| qw: Melee chars always use a shield: true
     0 | D:1      | 0 ||| qw: God list: Okawaru
     0 | D:1      | 0 ||| qw: Allow faded altars: false
     0 | D:1      | 0 ||| qw: Do Orc after clearing Dungeon:15 true
     0 | D:1      | 0 ||| qw: Do second Lair branch before Depths: true
     0 | D:1      | 0 ||| qw: Lair rune preference: random
     0 | D:1      | 0 ||| qw: Goals: Normal
     0 | D:1      | 0 ||| PLANNING D:1-11
   116 | D:1      | Reached XP level 2. HP: 17/17 MP: 2/2
   552 | D:1      | Reached XP level 3. HP: 21/21 MP: 3/3
   635 | D:1      | Reached skill level 5 in Ranged Weapons
   759 | D:1      | 759 ||| UPGRADING to +0 cloak.
   764 | D:1      | 764 ||| UPGRADING to +0 helmet.
   769 | D:1      | 769 ||| READING scroll labelled LILUUBBOAH.
   770 | D:1      | 770 ||| DRINKING 2 inky potions.
   771 | D:1      | 771 ||| DROPPING scroll of butterflies.
   980 | D:2      | Reached skill level 3 in Fighting
  1041 | D:2      | Reached skill level 1 in Armour
  1041 | D:2      | Reached XP level 4. HP: 26/28 MP: 4/4
  1240 | D:2      | 1240 ||| UPGRADING to +0 ring mail.
  1250 | D:2      | 1250 ||| DROPPING +0 leather armour.
  1251 | D:2      | 1251 ||| UPGRADING to +4 ring of protection.
  1252 | D:2      | 1252 ||| UPGRADING to ring of positive energy.
  1253 | D:2      | 1253 ||| READING scroll labelled DENANI IFYJED.
  1254 | D:2      | 1254 ||| READING scroll labelled CIOBIC KE OSHRU.
  1255 | D:2      | 1255 ||| READING scroll labelled NEOSHR GOSHRESCHO.
  1256 | D:2      | 1256 ||| READING 2 scrolls labelled JUETUQANIS.
  1259 | D:2      | 1259 ||| READING scroll labelled XETAAHO POTAHI.
  1360 | D:2      | 1360 ||| DRINKING 2 sedimented ruby potions.
  1929 | D:3      | Reached XP level 5. HP: 32/32 MP: 5/5
  2007 | D:3      | 2007 ||| DRINKING 2 sedimented purple potions.
  2037 | D:3      | 2037 ||| READING 2 scrolls of identify.
  2037 | D:3      | 2037 ||| IDENTIFYING fizzy green potion
  2038 | D:3      | 2038 ||| DROPPING potion of lignification.
  2085 | D:4      | Noticed a phantom
  2086 | D:4      | 2086 ||| Stepping ~*~*~tactically~*~*~ (retreating).
  2105 | D:4      | Reached skill level 6 in Ranged Weapons
  2118 | D:4      | HP: 8/32 [frozen (3)]
  2119 | D:4      | 2119 ||| READING scroll of teleportation.
  2120 | D:4      | 2120 ||| DRINKING potion of heal wounds.
  2121 | D:4      | Killed a phantom
  2122 | D:4      | Reached XP level 6. HP: 36/38 MP: 6/6
  2434 | D:4      | Found a staircase to the Ecumenical Temple.
  2435 | D:4      | 2435 ||| PLANNING TEMPLE
  2435 | D:4      | 2435 ||| READING scroll labelled ZOWNIE QEZ RISH.
  2436 | D:4      | 2436 ||| READING scroll labelled LETSUO IWOIS.
  2437 | D:4      | 2437 ||| READING 2 scrolls of identify.
  2437 | D:4      | 2437 ||| IDENTIFYING sapphire potion
  2438 | D:4      | 2438 ||| DROPPING potion of brilliance.
  2446 | Temple   | Entered the Ecumenical Temple
  2447 | Temple   | 2447 ||| PLANNING D:1-11
  2459 | D:4      | Found a runed translucent door.
  2462 | D:4      | Noticed qw's ghost (amateur GrHu)
  2812 | D:5      | Entered Level 5 of the Dungeon
  2822 | D:5      | 2822 ||| READING scroll of enchant armour.
  2822 | D:5      | 2822 ||| ENCHANTING +0 helmet.
  2872 | D:5      | Noticed an ice beast
  2882 | D:5      | Reached skill level 7 in Ranged Weapons
  2898 | D:5      | Killed an ice beast
  2899 | D:5      | Reached XP level 7. HP: 32/43 MP: 7/7
  2995 | D:5      | 2995 ||| READING scroll of enchant armour.
  2995 | D:5      | 2995 ||| ENCHANTING +1 helmet.
  3012 | D:5      | Reached skill level 8 in Ranged Weapons
  3194 | D:5      | Reached XP level 8. HP: 49/49 MP: 8/8
  3222 | D:5      | Noticed Pikel
  3223 | D:5      | 3223 ||| RETREATING.
  3237 | D:5      | HP: 11/49 [lemure[Pikel] (3)]
  3238 | D:5      | HP: 4/49 [lemure[Pikel] (7)]
  3241 | D:5      | HP: 1/49 [Pikel/+0 whip of flaming (2)]
  3241 | D:5      | Slain by Pikel

Levels and vault maps discovered:
D:1:      shiori_arrival_maze, layout_loops_ring, patterned_corridor
D:2:      layout_rooms
D:3:      layout_loops_ring
D:4:      layout_basic, minmay_temple_entry_arrows,
          hellmonk_ghost_happy_afterlife
D:5:      layout_gridville, uniq_pikel
Temple:   nicolae_temple_great_sept

Skill      XL: |  1  2  3  4  5  6  7 |
---------------+----------------------+-----
Ranged Weapons | 5 6 7 8 |  8.2
Fighting       | 3 4 5 |  5.0
Armour         | 1 2 |  2.7
Dodging        | 2 |  2.2
Stealth        | |  1.1

Action                     |  1- 3 |  4- 6 |  7- 9 || total
---------------------------+-------+-------+-------++-------
   Fire: Shortbow          |    79 |   209 |    74 ||   362
    Use: Scroll            |     1 |    11 |     1 ||    13
         Potion            |     1 |     3 |       ||     4
 Armour: Leather armour    |    15 |       |       ||    15
         Ring mail         |       |    77 |    49 ||   126
  Dodge: Dodged            |     6 |    69 |    31 ||   106

Table legend:
 A = Non-vault XP
 B = Vault XP
 C = Vault XP percentage of total XP
 D = Non-vault monster count
 E = Vault monster count
 F = Vault count percentage of total count
                 A         B        C        D         E       F
            +---------+---------+-------+---------+---------+-------
      Total |    1303 |       4 |   0.3 |      87 |       2 |   2.2
            +---------+---------+-------+---------+---------+-------
        D:1 |      38 |       4 |   9.5 |      21 |       2 |   8.7
        D:2 |      56 |       0 |   0.0 |      10 |       0 |   0.0
        D:3 |      68 |       0 |   0.0 |      25 |       0 |   0.0
        D:4 |     231 |       0 |   0.0 |      16 |       0 |   0.0
        D:5 |     910 |       0 |   0.0 |      15 |       0 |   0.0
            +---------+---------+-------+---------+---------+-------
